[Event "Titled Tuesday Blitz February 21 Late 2023"]
[White "Skaric, Djuro"]
[Black "Calcada, Lucas Galvan"]
[WhiteFideId "934569"]
[BlackFideId "22746099"]
[WhiteElo "2334"]
[BlackElo "1739"]
[Result "0-1"]
[Round "06"]
[TimeControl "180+2"]
[Date "2023.02.21"]
[WhiteClock "0:01:05"]
[BlackClock "0:00:17"]

1. g3 e6 2. Bg2 Nf6 3. d3 d5 4. Nf3 Be7 5. O-O O-O 6. h3 Re8 7. Nc3 c5 8. e4 d4 9. Ne2 Nc6 10. Nd2 Nd7 11. f4 Bf8 12. Nf3 e5 13. f5 f6 14. g4 c4 15. Rf2 cxd3 16. cxd3 Nc5 17. Bf1 Bd7 18. Rg2 Rc8 19. Bd2 Kh8 20. Ng3 Qb6 21. b3 a5 22. Nh1 Nb4 23. Ne1 a4 24. h4 axb3 25. axb3 Nc6 26. g5 Qxb3 27. Qg4 Be7 28. g6 Qg8 29. Qh5 b5 30. Bh6 Bf8 31. Bd2 b4 32. Rb1 b3 33. Ng3 Rb8 34. Qd1 Na4 35. Qc1 Nc3 36. Bxc3 dxc3 37. Qxc3 Nd4 38. h5 Bb4 39. Qb2 Bc5 40. Kh1 h6 41. Kh2 Rec8 42. Nh1 Bb4 43. Kg3 Bc3 44. Qf2 b2 45. Nc2 Nxc2 46. Qxc2 Be1+ 47. Kf3 Rxc2 48. Rxc2 Bc3 49. Rxc3 Qa2 50. Rxb2 Qxb2 51. Rc7 Be8 52. Nf2 Qb6 53. Rc2 Ba4 54. Rd2 Qd4 55. Ng4 Rb2 56. Rxb2 Qxb2 57. Ne3 Qc1 58. Be2 Bc6 59. Nf1 Bb5 60. Ne3 Qd2 61. Nd5 Bxd3 62. Kf2 Qxe2+ 63. Kg3 Qxe4 64. Nc7 Qxf5 65. Kg2 Qg5+ 66. Kf3 Qxh5+ 67. Ke3 Qxg6 68. Kd2 Qe4 69. Kc3 Qc4+ 70. Kd2 Qxc7 0-1


[Site "https://www.chess.com"]

[Event "Titled Tuesday Blitz February 21 Late 2023"]
[White "Kostiukov, Alexandr"]
[Black "Chemin, Justo Reinaldo"]
[WhiteFideId "14108100"]
[BlackFideId "2101580"]
[WhiteElo "2271"]
[BlackElo "2040"]
[Result "0-1"]
[Round "06"]
[TimeControl "180+2"]
[Date "2023.02.21"]
[WhiteClock "0:00:07"]
[BlackClock "0:00:04"]

1. g3 d5 2. Bg2 c6 3. d3 g6 4. e4 Bg7 5. Qe2 Nf6 6. e5 Nfd7 7. Nf3 e6 8. O-O Qc7 9. Re1 c5 10. c4 dxc4 11. dxc4 Nc6 12. Bf4 h6 13. h4 b6 14. Nc3 a6 15. Nd5 Qb7 16. Rad1 O-O 17. Nf6+ Nxf6 18. exf6 Bxf6 19. Bxh6 Re8 20. Ng5 Qc7 21. Qf3 Bxg5 22. Qxc6 Qxc6 23. Bxc6 Bxh6 24. Bxa8 Bg7 25. Bc6 Rf8 26. Rd2 Bd4 27. Red1 e5 28. Bd5 Bg4 29. Re1 Kg7 30. Kg2 Bd7 31. a3 a5 32. f4 f6 33. fxe5 fxe5 34. Rde2 Bg4 35. Rd2 Bf5 36. Be4 Be6 37. Bf3 Bxc4 38. g4 b5 39. h5 gxh5 40. gxh5 Kh6 41. Bg4 Rg8 42. Kh3 b4 43. axb4 axb4 44. Ra1 Kg5 45. Rg2 Kf4 46. Ra7 e4 47. h6 Bf1 48. h7 Bxg2+ 49. Kh4 Rxg4+ 50. Kh5 Rg3 51. Rf7+ Ke3 52. Kh4 Rh3+ 53. Kg4 Rxh7 54. Rxh7 Bxb2 55. Kg3 Bf3 56. Rc7 Bd4 57. Ra7 b3 58. Rd7 b2 59. Rb7 c4 60. Kh2 c3 61. Kg3 c2 62. Rc7 c1=Q 63. Rc3+ Bxc3 64. Kh2 Qd2+ 65. Kg3 Qf2+ 66. Kh3 Qg2+ 67. Kh4 Qg4# 0-1


[Site "https://www.chess.com"]

[Event "Titled Tuesday Blitz February 21 Late 2023"]
[White "Mitrovic, Darko R"]
[Black "Vaglio Munoz, Jaime"]
[WhiteFideId "927023"]
[BlackFideId "6500145"]
[WhiteElo "2220"]
[BlackElo "2174"]
[Result "1-0"]
[Round "06"]
[TimeControl "180+2"]
[Date "2023.02.21"]
[WhiteClock "0:00:07"]
[BlackClock "0:00:02"]

1. c4 c6 2. g3 b5 3. cxb5 cxb5 4. Bg2 Nc6 5. b4 Rb8 6. a3 Nf6 7. Nf3 e6 8. O-O d5 9. Bb2 Be7 10. d3 O-O 11. Nbd2 a5 12. Ne5 Nxe5 13. Bxe5 Ra8 14. Nb3 axb4 15. axb4 Rxa1 16. Qxa1 Bxb4 17. Nd4 Bd7 18. Rb1 Bc5 19. Nxb5 Ne8 20. d4 Be7 21. h4 h6 22. Nc3 Bc6 23. Bf3 Bd6 24. Bxd6 Nxd6 25. Qa6 Qc8 26. Rb6 Qxa6 27. Rxa6 Rc8 28. e3 f5 29. Ne2 Kf7 30. h5 Kf6 31. Nf4 Ne4 32. Nd3 Bb5 33. Ra3 Bxd3 34. Rxd3 Ng5 35. Kg2 Rc2 36. Ra3 Nf7 37. Ra7 Rc6 38. Ra5 Ng5 39. Ra7 Ne4 40. Bxe4 fxe4 41. Rd7 Ra6 42. Rb7 e5 43. dxe5+ Kxe5 44. Rxg7 d4 45. exd4+ Kxd4 46. Rg6 Ra2 47. Rxh6 e3 48. Re6 Rxf2+ 49. Kh3 Rf1 50. Kg4 Rh1 51. Kg5 Kd3 52. g4 e2 53. h6 Rf1 54. Kg6 Rh1 55. Rxe2 Rg1 56. g5 Kxe2 57. h7 Rh1 58. Kg7 Rg1 59. g6 Rh1 60. h8=Q Rg1 61. Qf8 Rg3 62. Qf6 Re3 63. Kf7 Rg3 64. g7 Rf3 65. g8=Q Rxf6+ 66. Kxf6 Ke3 67. Qe6+ Kf4 68. Qf5+ Kg3 69. Qe4 Kf2 70. Qa4 Ke3 71. Ke5 Kd3 72. Qa3+ Kc4 73. Kd6 Kd4 74. Qb4+ Kd3 75. Kd5 Ke3 76. Qe4+ Kd2 77. Qf3 Kc2 78. Kc4 Kd2 79. Qf2+ Kd1 80. Kc3 Kc1 81. Qg1# 1-0


[Site "https://www.chess.com"]

[Event "Titled Tuesday Blitz February 21 Late 2023"]
[White "Eliteplayer3"]
[Black "Roman, Rodrigo"]
[BlackFideId "3701220"]
[WhiteElo "1962"]
[BlackElo "2058"]
[Result "1-0"]
[Round "06"]
[TimeControl "180+2"]
[Date "2023.02.21"]
[WhiteClock "0:02:16"]
[BlackClock "0:02:32"]

1. e4 e5 2. Nf3 Nc6 3. Bc4 Nf6 4. Ng5 d5 5. exd5 Na5 6. Bb5+ Bd7 7. Bxd7+ Qxd7 8. Nc3 Bb4 9. O-O O-O 10. Qf3 Bxc3 11. dxc3 h6 12. Ne4 Nxd5 13. Qg3 Nc6 14. c4 Nb6 15. Nf6+ 1-0


[Site "https://www.chess.com"]

[Event "Titled Tuesday Blitz February 21 Late 2023"]
[White "Jenkins, Drake"]
[Black "Dias, Joao Batista"]
[WhiteFideId "2022397"]
[BlackFideId "2108240"]
[WhiteElo "2130"]
[BlackElo "1796"]
[Result "1/2-1/2"]
[Round "06"]
[TimeControl "180+2"]
[Date "2023.02.21"]
[WhiteClock "0:00:04"]
[BlackClock "0:00:17"]

1. Nf3 Nf6 2. c4 c5 3. d4 cxd4 4. Nxd4 Nc6 5. Nc3 g6 6. g3 Bg7 7. Nc2 O-O 8. Bg2 a6 9. O-O d6 10. b3 Bg4 11. h3 Bd7 12. Bb2 Rc8 13. Qd2 Re8 14. Ne3 b6 15. Rfd1 Qc7 16. Ncd5 Nxd5 17. Nxd5 Qb8 18. Bxg7 Kxg7 19. Rac1 Kg8 20. Qh6 Be6 21. Nf4 Qc7 22. Nxe6 fxe6 23. h4 Rf8 24. h5 Rf6 25. Be4 Ne5 26. hxg6 Nxg6 27. Qg5 Rcf8 28. Rf1 Qc5 29. Qxc5 bxc5 30. Kg2 Kg7 31. f4 a5 32. e3 Rg8 33. Rh1 Rh8 34. Rh5 h6 35. Rch1 Nf8 36. g4 Ng6 37. Kg3 e5 38. Bxg6 Rxg6 39. fxe5 a4 40. Rd1 axb3 41. axb3 Rb8 42. Rd3 Ra8 43. exd6 exd6 44. Rhd5 Ra6 45. e4 Kf7 46. e5 dxe5 47. Rxc5 Rge6 48. Re3 Kf6 49. Rf3+ Kg6 50. b4 Ra1 51. b5 Rg1+ 52. Kh4 Rh1+ 53. Rh3 Rb1 54. Rc6 Rxc6 55. bxc6 Rb6 56. Re3 Kf6 57. Kh5 Rxc6 58. Kxh6 Rxc4 59. g5+ Kf5 60. g6 Rc6 61. Kh7 Rxg6 62. Rxe5+ Kxe5 63. Kxg6 1/2-1/2


[Site "https://www.chess.com"]

[Event "Titled Tuesday Blitz February 21 Late 2023"]
[White "Buscar, Michael"]
[Black "Vargas, Mauricio"]
[WhiteFideId "2603616"]
[BlackFideId "4404572"]
[WhiteElo "2041"]
[BlackElo "2035"]
[Result "1-0"]
[Round "06"]
[TimeControl "180+2"]
[Date "2023.02.21"]
[WhiteClock "0:01:11"]
[BlackClock "0:01:34"]

1. e4 c5 2. Nf3 d6 3. d4 cxd4 4. Nxd4 Nf6 5. Nc3 a6 6. Be2 g6 7. Be3 Bg7 8. f3 h6 9. Qd2 Nc6 10. O-O-O Bd7 11. Kb1 Rc8 12. g4 Ne5 13. h4 Nc4 14. Bxc4 Rxc4 15. g5 hxg5 16. hxg5 Nh5 17. Nd5 e6 18. Nc3 b5 19. Nce2 Qa5 20. Qxa5 1-0


[Site "https://www.chess.com"]

[Event "Titled Tuesday Blitz February 21 Late 2023"]
[White "Gamboa, Juan Pablo"]
[Black "Ward, Ieuan C"]
[WhiteFideId "105180"]
[BlackFideId "406627"]
[WhiteElo "2224"]
[BlackElo "2028"]
[Result "0-1"]
[Round "06"]
[TimeControl "180+2"]
[Date "2023.02.21"]
[WhiteClock "0:00:05"]
[BlackClock "0:00:15"]

1. c4 e6 2. e4 d5 3. exd5 exd5 4. cxd5 Nf6 5. Bb5+ Bd7 6. Bc4 Bc5 7. Qe2+ Be7 8. d6 cxd6 9. Nf3 d5 10. Bb3 O-O 11. O-O Bg4 12. h3 Bh5 13. d4 Nc6 14. Be3 Re8 15. Nbd2 Bd6 16. Qb5 Qd7 17. Rac1 Rac8 18. Kh1 a6 19. Qd3 Bg6 20. Qe2 Bf4 21. Ne5 Bxe5 22. dxe5 Rxe5 23. Nf3 Ree8 24. Qd2 Ne4 25. Qxd5 Qxd5 26. Bxd5 Ng3+ 27. fxg3 Rxe3 28. Bxc6 Rxc6 29. Rxc6 bxc6 30. Rc1 Be4 31. Rc3 Re2 32. Rb3 h6 33. Kg1 Bd5 34. Rb8+ Kh7 35. a3 g5 36. g4 Kg6 37. Rb4 a5 38. Rb6 a4 39. Rb4 Bb3 40. Nd4 Rxb2 41. Nxc6 Rb1+ 42. Kh2 Ra1 43. Nd4 Rxa3 44. Rb6+ f6 45. Rb7 Bd5 46. Rb5 Be4 47. Nf5 Ra2 48. Ne7+ Kf7 49. h4 Kxe7 50. Ra5 Rxg2+ 0-1


[Site "https://www.chess.com"]

[Event "Titled Tuesday Blitz February 21 Late 2023"]
[White "Gamage, Wanshini Vidusama"]
[Black "Ruiz Aguilar, Pablo Alexander"]
[WhiteFideId "9953752"]
[BlackFideId "4401352"]
[WhiteElo "1089"]
[BlackElo "2161"]
[Result "0-1"]
[Round "06"]
[TimeControl "180+2"]
[Date "2023.02.21"]
[WhiteClock "0:00:01"]
[BlackClock "0:00:51"]

1. e4 c5 2. Nf3 e6 3. d4 cxd4 4. Nxd4 a6 5. c4 Nf6 6. Nc3 d6 7. Be3 Qc7 8. Be2 Nbd7 9. O-O b6 10. Qd2 Bb7 11. f3 Rc8 12. Rac1 Be7 13. Rfd1 O-O 14. Rc2 Qb8 15. Rdc1 Bd8 16. Qe1 Bc7 17. Qf2 Rfe8 18. h3 d5 19. cxd5 exd5 20. Nxd5 Nxd5 21. exd5 Bg3 22. Qf1 Rxe3 23. Rxc8+ Bxc8 24. Nf5 Bf4 25. Rxc8+ Qxc8 26. Bxa6 Qc5 27. Nxe3 Bxe3+ 28. Kh1 Qc1 29. Qxc1 Bxc1 30. b3 Ba3 31. Kg1 Kf8 32. Kf2 Ke7 33. Ke3 Kd6 34. Bc4 Ne5 35. Kd4 Bc5+ 36. Kc3 Ng6 37. b4 Bf2 38. a4 Nf4 39. a5 bxa5 40. bxa5 Be1+ 41. Kd4 Bxa5 42. Bf1 Nxd5 43. g4 f6 44. h4 Bb6+ 45. Ke4 g6 46. h5 gxh5 47. gxh5 Ne7 48. Bd3 h6 49. Kf4 Ba5 50. Be4 Bd2+ 51. Kg4 Ke5 52. Bb7 f5+ 53. Kg3 Bf4+ 54. Kg2 Kf6 55. Ba6 Kg5 56. Bd3 Kxh5 57. Kh3 Kg5 58. Kg2 h5 59. Kh3 Be5 60. Kg2 Ng6 61. Bc2 Nf4+ 62. Kf2 Bd4+ 63. Kg3 Ne2+ 64. Kg2 Kf4 65. Kh3 Bf6 66. Kg2 h4 67. Kf2 Nd4 68. Bd1 h3 69. Kg1 Kg3 70. Kh1 f4 71. Ba4 Nxf3 72. Bd7 Ng5 73. Bf5 f3 74. Bd3 Ne6 75. Bf1 Nf4 76. Bc4 Ne2 77. Bd3 Nc3 78. Bc4 Nd1 79. Be6 Nf2+ 80. Kg1 h2+ 81. Kf1 h1=Q# 0-1


[Site "https://www.chess.com"]

[Event "Titled Tuesday Blitz February 21 Late 2023"]
[White "Fajdetic, Hrvoje"]
[Black "Oliveira, Tiago Batista"]
[WhiteFideId "14501945"]
[BlackFideId "2108291"]
[WhiteElo "2151"]
[BlackElo "1991"]
[Result "1-0"]
[Round "06"]
[TimeControl "180+2"]
[Date "2023.02.21"]
[WhiteClock "0:01:21"]
[BlackClock "0:00:04"]

1. f4 g6 2. e4 Bg7 3. Nf3 c5 4. d3 Nc6 5. Be2 e6 6. O-O Nge7 7. Qe1 O-O 8. Qh4 d5 9. Nc3 dxe4 10. dxe4 Nd4 11. Bd1 Nxf3+ 12. Bxf3 Nc6 13. Qh3 Nd4 14. Bd1 b5 15. Ne2 e5 16. f5 gxf5 17. exf5 Nxf5 18. Qh5 Nd4 19. Ng3 a5 20. c3 Ne6 21. Bc2 f5 22. Bxf5 Qe8 23. Bxh7+ Kh8 24. Bg6+ 1-0


[Site "https://www.chess.com"]

[Event "Titled Tuesday Blitz February 21 Late 2023"]
[White "Pein, Jonathan"]
[Black "Arvelo Leo, Gian Carlo"]
[WhiteFideId "417092"]
[BlackFideId "6402720"]
[WhiteElo "2265"]
[BlackElo "2075"]
[Result "0-1"]
[Round "06"]
[TimeControl "180+2"]
[Date "2023.02.21"]
[WhiteClock "0:01:05"]
[BlackClock "0:00:24"]

1. b3 Nf6 2. Bb2 g6 3. g4 Bg7 4. g5 Nh5 5. Bxg7 Nxg7 6. Nf3 d5 7. d4 c5 8. dxc5 Qa5+ 9. c3 Qxc5 10. b4 Qd6 11. e3 Nc6 12. Nbd2 Bg4 13. h3 Bd7 14. Nb3 h6 15. gxh6 Rxh6 16. Nc5 O-O-O 17. Qa4 Kb8 18. Qb5 Bc8 19. O-O-O Ne6 20. Ng5 Nxc5 21. Nxf7 Qf6 22. Nxd8 Qxc3+ 23. Kb1 Nxb4 24. Rc1 Bf5+ 25. Bd3 Bxd3+ 26. Qxd3 Qxd3+ 27. Ka1 Nc2+ 28. Kb2 Na4+ 29. Kb1 Na3+ 30. Ka1 Qd2 31. Nc6+ bxc6 32. Rb1+ Nxb1 33. Rxb1+ Kc7 0-1


[Site "https://www.chess.com"]

[Event "Titled Tuesday Blitz February 21 Late 2023"]
[White "Melikhov, Evgeny V."]
[Black "Better_Chess_Faster"]
[WhiteFideId "4122046"]
[WhiteElo "2269"]
[BlackElo "1982"]
[Result "0-1"]
[Round "06"]
[TimeControl "180+2"]
[Date "2023.02.21"]
[WhiteClock "0:00:33"]
[BlackClock "0:00:48"]

1. d4 f5 2. e4 fxe4 3. Nc3 Nf6 4. Bg5 Nc6 5. d5 Ne5 6. Qe2 c6 7. f4 Nf7 8. O-O-O Nxg5 9. fxg5 Nxd5 10. Nxe4 e6 11. Nf3 Qa5 12. Kb1 Be7 13. Ne5 O-O 14. Nc4 Qc7 15. h4 b5 16. Ne3 b4 17. h5 Rb8 18. g6 h6 19. Ng4 Nc3+ 20. Nxc3 bxc3 21. b3 Qa5 22. Ka1 Rb6 23. Rh3 Qa3 24. Rb1 Ra6 25. Qxa6 Bxa6 26. Bxa6 Qxa6 27. Rxc3 Rf1 28. a4 Rxb1+ 29. Kxb1 Qf1+ 30. Ka2 Qxg2 31. Ne3 Qe2 32. Rd3 d5 33. Kb1 Qxh5 34. Rc3 c5 35. b4 c4 36. b5 Bb4 0-1


[Site "https://www.chess.com"]

[Event "Titled Tuesday Blitz February 21 Late 2023"]
[White "Desideri, Ricardo Maruchi"]
[Black "Hartikainen, Jarmo"]
[WhiteFideId "2110440"]
[BlackFideId "503134"]
[WhiteElo "1959"]
[BlackElo "2108"]
[Result "0-1"]
[Round "06"]
[TimeControl "180+2"]
[Date "2023.02.21"]
[WhiteClock "0:00:06"]
[BlackClock "0:00:09"]

1. e4 c5 2. Nf3 Nc6 3. d4 cxd4 4. Nxd4 Nf6 5. Nc3 d6 6. Be3 e5 7. Nb3 Be6 8. f3 Be7 9. Qd2 O-O 10. g4 d5 11. g5 d4 12. gxf6 dxe3 13. Qxe3 Bxf6 14. Rg1 Nb4 15. Bd3 Nxd3+ 16. cxd3 a5 17. O-O-O a4 18. Nc5 Qb6 19. Rde1 a3 20. b3 Rac8 21. N3a4 Qd8 22. Kd2 b5 23. Nxe6 fxe6 24. Nc5 Qd6 25. Rc1 b4 26. h4 Qe7 27. h5 Rfd8 28. Ke2 Rd4 29. Na4 Rxc1 30. Rxc1 Bg5 31. Rc8+ Kf7 32. Qf2 Qd7 33. Rc4 Rxd3 34. Qb6 Rd2+ 35. Kf1 Qd3+ 36. Kg1 Qb1+ 0-1


[Site "https://www.chess.com"]

[Event "Titled Tuesday Blitz February 21 Late 2023"]
[White "Tabatabaei, M. Amin"]
[Black "Bluebaum, Matthias"]
[WhiteFideId "12521213"]
[BlackFideId "24651516"]
[WhiteElo "2677"]
[BlackElo "2669"]
[Result "1/2-1/2"]
[Round "07"]
[TimeControl "180+2"]
[Date "2023.02.21"]
[WhiteClock "0:00:21"]
[BlackClock "0:00:41"]

1. d4 d5 2. Nf3 e6 3. Bf4 c5 4. e3 Nc6 5. c3 Bd6 6. Bg3 Nge7 7. Bd3 O-O 8. Nbd2 cxd4 9. cxd4 Nf5 10. Bxf5 exf5 11. O-O f4 12. Bxf4 Bxf4 13. exf4 Qf6 14. Nb3 Qxf4 15. Qd2 Qxd2 16. Nbxd2 f6 17. a3 Bg4 18. h3 Bxf3 19. Nxf3 Rfe8 20. Rfe1 Kf7 21. Kf1 Rxe1+ 22. Rxe1 Re8 23. Rxe8 Kxe8 24. Ke2 Kd7 25. Kd3 Kd6 26. Nd2 Ne7 27. Nf1 Nf5 28. g3 Ke6 29. a4 Nd6 30. Nd2 g5 31. b3 h5 32. g4 h4 33. Ke3 f5 34. f3 Nf7 35. f4 fxg4 36. hxg4 Kf6 37. Nf3 h3 38. f5 Nd6 39. Kf2 Ne4+ 40. Kg1 Ng3 41. Kh2 Nxf5 42. gxf5 Kxf5 43. Kg3 Ke4 44. Nxg5+ Kxd4 45. Nxh3 Kc3 46. Kf3 Kxb3 47. Nf4 Kxa4 48. Nxd5 Kb3 49. Ke2 a5 50. Kd1 Kc4 51. Nc7 b5 52. Nxb5 Kxb5 53. Kc1 Kb4 54. Kb1 Ka3 55. Ka1 Kb3 56. Kb1 a4 57. Ka1 a3 58. Kb1 a2+ 59. Ka1 Ka3 1/2-1/2


[Site "https://www.chess.com"]

[Event "Titled Tuesday Blitz February 21 Late 2023"]
[White "Paravyan, David"]
[Black "Gokerkan, Cem Kaan"]
[WhiteFideId "4194985"]
[BlackFideId "6336760"]
[WhiteElo "2601"]
[BlackElo "2500"]
[Result "1-0"]
[Round "07"]
[TimeControl "180+2"]
[Date "2023.02.21"]
[WhiteClock "0:00:08"]
[BlackClock "0:00:09"]

1. e4 c5 2. Nf3 d6 3. d4 cxd4 4. Nxd4 Nf6 5. Nc3 a6 6. Bd3 g6 7. O-O Bg7 8. h3 O-O 9. Be3 Nc6 10. Re1 Bd7 11. Qd2 Rc8 12. Nxc6 Bxc6 13. Bh6 Qb6 14. Bxg7 Kxg7 15. Rab1 Rfd8 16. Kh2 Qc7 17. f4 b5 18. a3 a5 19. Nd1 d5 20. e5 Ne4 21. Qe2 f6 22. Bxe4 dxe4 23. Ne3 Rd4 24. Rbd1 Rcd8 25. Rxd4 Rxd4 26. Qg4 Bd7 27. e6 h5 28. Nf5+ Kh7 29. Qh4 gxf5 30. Qxh5+ Kg7 31. Re3 Qxf4+ 32. Rg3+ Qxg3+ 33. Kxg3 Bxe6 34. Qe2 Bc4 35. Qf2 Rd5 36. b3 f4+ 37. Kxf4 Kg6 38. g4 e3 39. Qxe3 Re5 40. Qb6 Be2 41. Qxa5 Bf1 42. h4 Re2 43. h5+ Kf7 44. Qb4 e5+ 45. Kf3 Rxc2 46. Qd6 Be2+ 47. Kg3 Rc3+ 48. Kh4 Bf1 49. Qd7+ Kf8 50. Qd8+ Kf7 51. Qd5+ Kf8 52. Qh1 Rh3+ 53. Qxh3 Bxh3 54. Kxh3 Kg7 55. a4 bxa4 56. bxa4 f5 57. gxf5 e4 58. Kg4 e3 59. Kf3 e2 60. Kxe2 1-0


[Site "https://www.chess.com"]

[Event "Titled Tuesday Blitz February 21 Late 2023"]
[White "Nakamura, Hikaru"]
[Black "Kravtsiv, Martyn"]
[WhiteFideId "2016192"]
[BlackFideId "14113147"]
[WhiteElo "2775"]
[BlackElo "2598"]
[Result "1-0"]
[Round "07"]
[TimeControl "180+2"]
[Date "2023.02.21"]
[WhiteClock "0:00:34"]
[BlackClock "0:00:01"]

1. Nf3 Nf6 2. g3 d5 3. Bg2 e6 4. d3 c5 5. Nbd2 Nc6 6. e4 Bd6 7. O-O O-O 8. Re1 Bc7 9. c3 e5 10. a3 dxe4 11. dxe4 b6 12. b4 cxb4 13. axb4 Be6 14. Bf1 a5 15. b5 Ne7 16. Ng5 Bg4 17. Qb3 h6 18. Ngf3 Be6 19. Bc4 Bxc4 20. Nxc4 Ng6 21. Ba3 Re8 22. Rad1 Qc8 23. Ne3 Nxe4 24. Nd5 Nf6 25. Nxf6+ gxf6 26. c4 Qf5 27. Nd2 e4 28. Qe3 Rad8 29. c5 bxc5 30. Qxc5 Qxc5 31. Bxc5 Ne5 32. Be3 Rxd2 33. Bxd2 Nf3+ 34. Kf1 Nxe1 35. Rxe1 Kh7 36. Rc1 Bb6 37. Rc6 Rb8 38. Rxf6 Bd4 39. Rxf7+ Kg6 40. Rd7 Be5 41. Rd5 Bf6 42. Bxa5 Ra8 43. b6 Rb8 44. Rb5 Rb7 45. Bd2 Bd4 46. Be3 Bxe3 47. fxe3 Kf6 48. g4 1-0


[Site "https://www.chess.com"]

[Event "Titled Tuesday Blitz February 21 Late 2023"]
[White "Andreikin, Dmitry"]
[Black "Anton Guijarro, David"]
[WhiteFideId "4158814"]
[BlackFideId "2285525"]
[WhiteElo "2729"]
[BlackElo "2690"]
[Result "1-0"]
[Round "07"]
[TimeControl "180+2"]
[Date "2023.02.21"]
[WhiteClock "0:00:36"]
[BlackClock "0:00:31"]

1. c4 e5 2. e3 Nf6 3. Nc3 Bb4 4. Nge2 c6 5. a3 Ba5 6. b4 Bc7 7. Bb2 O-O 8. d4 d6 9. Ng3 Re8 10. dxe5 dxe5 11. Qc2 a5 12. Rd1 Qe7 13. c5 axb4 14. axb4 b6 15. Bc4 Na6 16. Nf5 Bxf5 17. Qxf5 b5 18. Bb3 Nxb4 19. O-O Na6 20. Ne4 Nxe4 21. Rd7 g6 22. Bxf7+ Kf8 23. Bxg6+ 1-0


[Site "https://www.chess.com"]

[Event "Titled Tuesday Blitz February 21 Late 2023"]
[White "Chigaev, Maksim"]
[Black "Caruana, Fabiano"]
[WhiteFideId "4108116"]
[BlackFideId "2020009"]
[WhiteElo "2628"]
[BlackElo "2764"]
[Result "1/2-1/2"]
[Round "07"]
[TimeControl "180+2"]
[Date "2023.02.21"]
[WhiteClock "0:00:04"]
[BlackClock "0:00:08"]

1. Nf3 d5 2. c4 d4 3. b4 c5 4. g3 Qc7 5. Bg2 e5 6. bxc5 Bxc5 7. d3 Nf6 8. O-O O-O 9. a4 Re8 10. Nbd2 Nc6 11. Ba3 Bxa3 12. Rxa3 h6 13. Qb1 Bf5 14. Ne1 Bg4 15. Qd1 Nb4 16. a5 Rab8 17. Ne4 Nxe4 18. Bxe4 Na6 19. Nc2 Bh3 20. Re1 Nc5 21. Bd5 b5 22. axb6 Rxb6 23. e3 dxe3 24. Nxe3 Reb8 25. Qh5 Rb1 26. Ra1 Rxe1+ 27. Rxe1 Be6 28. Bxe6 fxe6 29. Ng4 e4 30. dxe4 a5 31. Kg2 a4 32. Re3 Rf8 33. Qe5 Qxe5 34. Nxe5 Ra8 35. Ra3 Nxe4 36. Nd3 Kf7 37. f3 Nd6 38. Nb2 Rb8 39. Nxa4 Ra8 40. Ra2 Nxc4 41. Nc3 Rc8 42. Ne4 Kg6 43. Kf2 Ne5 44. Ra6 Rc2+ 45. Ke3 Kf7 46. h3 Rb2 47. Kf4 Ng6+ 48. Ke3 Rb3+ 49. Ke2 Ne5 50. Ra7+ Kg8 51. f4 Nc4 52. Kf2 Ne3 53. Ra8+ Kh7 54. Ra7 Nf5 55. g4 Nd4 56. Kg2 Rb2+ 57. Kg3 Rb3+ 58. Kg2 Ne2 59. f5 exf5 60. gxf5 Nf4+ 61. Kg1 Kg8 62. Ra8+ Kf7 63. Ra7+ Kf8 64. Ra8+ Ke7 65. Ra7+ Kf8 66. Ra8+ Kf7 67. Ra7+ Kf8 1/2-1/2


[Site "https://www.chess.com"]

[Event "Titled Tuesday Blitz February 21 Late 2023"]
[White "Kamsky, Gata"]
[Black "Vachier-Lagrave, Maxime"]
[WhiteFideId "2000024"]
[BlackFideId "623539"]
[WhiteElo "2665"]
[BlackElo "2742"]
[Result "0-1"]
[Round "07"]
[TimeControl "180+2"]
[Date "2023.02.21"]
[WhiteClock "0:00:07"]
[BlackClock "0:00:45"]

1. e4 c5 2. Nf3 Nc6 3. d4 cxd4 4. Nxd4 Nf6 5. Nc3 e6 6. Ndb5 d6 7. Bf4 e5 8. Bg5 a6 9. Na3 b5 10. Nd5 Be7 11. Bxf6 Bxf6 12. c4 b4 13. Nc2 O-O 14. Qf3 Bg5 15. h4 Bh6 16. g4 f6 17. Rd1 Be6 18. Be2 Rb8 19. Qg3 a5 20. O-O Bxd5 21. Rxd5 Ne7 22. Rb5 Bf4 23. Qd3 Qc7 24. Rd1 Rbd8 25. h5 g6 26. Ne3 gxh5 27. Nd5 Nxd5 28. Qxd5+ Kh8 29. Rb7 Qc8 30. Ra7 hxg4 31. Qb7 Qxb7 32. Rxb7 Rg8 33. Kg2 h5 34. Rb6 h4 35. Rbxd6 Rxd6 36. Rxd6 h3+ 37. Kh1 g3 38. fxg3 Rxg3 39. Rd3 Be3 40. Bf1 Rg1+ 41. Kh2 Rxf1 42. Kxh3 Rf2 43. Rxe3 Rxb2 44. a3 Rc2 45. axb4 axb4 46. Kg4 Kg7 0-1


[Site "https://www.chess.com"]

[Event "Titled Tuesday Blitz February 21 Late 2023"]
[White "Ibarra Jerez, Jose Carlos"]
[Black "Sarana, Alexey"]
[WhiteFideId "2226332"]
[BlackFideId "24133795"]
[WhiteElo "2563"]
[BlackElo "2685"]
[Result "1-0"]
[Round "07"]
[TimeControl "180+2"]
[Date "2023.02.21"]
[WhiteClock "0:00:12"]
[BlackClock "0:00:24"]

1. e4 e5 2. Nf3 Nc6 3. Nc3 Nf6 4. h3 Bb4 5. Nd5 Bd6 6. d3 Nxd5 7. exd5 Ne7 8. d4 e4 9. Ng5 f5 10. Qh5+ g6 11. Qh6 Nxd5 12. Nxh7 Rg8 13. Bc4 c6 14. Bxd5 cxd5 15. Bg5 Be7 16. h4 d6 17. h5 Bxg5 18. Nxg5 Qf6 19. O-O-O Bd7 20. Nh7 Qe7 21. hxg6 O-O-O 22. Rh5 f4 23. Qg5 Qe6 24. Nf6 e3 25. Nxg8 exf2 26. Ne7+ Kb8 27. Nc6+ bxc6 28. Qxd8+ Kb7 29. Rh7 Qe3+ 30. Kb1 Qxd4 31. Qxd7+ Ka6 32. Qb7+ Ka5 33. Qxa7+ Qxa7 1-0


[Site "https://www.chess.com"]

[Event "Titled Tuesday Blitz February 21 Late 2023"]
[White "Sanal, Vahap"]
[Black "Babazada, Khazar"]
[WhiteFideId "6300545"]
[BlackFideId "13413554"]
[WhiteElo "2600"]
[BlackElo "2474"]
[Result "0-1"]
[Round "07"]
[TimeControl "180+2"]
[Date "2023.02.21"]
[WhiteClock "0:00:02"]
[BlackClock "0:00:08"]

1. d4 Nf6 2. Nf3 g6 3. g3 Bg7 4. Bg2 d6 5. c4 O-O 6. O-O Nbd7 7. Nc3 a6 8. e4 e5 9. h3 exd4 10. Nxd4 Re8 11. Re1 Rb8 12. Rb1 Ne5 13. b3 c5 14. Nc2 b5 15. Ne3 bxc4 16. Nxc4 Nxc4 17. bxc4 Rxb1 18. Nxb1 Be6 19. Qa4 Nd7 20. Bf4 Ne5 21. Bxe5 Bxe5 22. Nd2 Qc8 23. Kh2 Bd4 24. Re2 Bd7 25. Qc2 Bc6 26. Nf3 Bf6 27. Qd3 Qe6 28. Nd2 Rb8 29. Nb3 Rb4 30. Rd2 Be7 31. Rc2 Ba4 32. Rc1 h5 33. h4 Qe5 34. Kg1 Qb2 35. Qc2 Bf6 36. Qxb2 Bxb2 37. Rc2 Be5 38. Bh3 Kg7 39. Kg2 Bxb3 40. axb3 Rxb3 41. Ra2 Rb6 42. Bc8 a5 43. Rxa5 Rb2 44. Ra3 Bd4 45. Rf3 f6 46. Be6 Kf8 47. Bd5 Ke7 48. Bg8 Re2 49. Bd5 Rc2 50. Kf1 Rc1+ 51. Kg2 Rc2 52. Kf1 Kf8 53. Kg2 Kg7 54. Be6 g5 55. hxg5 fxg5 56. Rf5 h4 57. gxh4 gxh4 58. Rf3 Bf6 59. Kh3 Rd2 60. Bd5 Bd4 61. Rf7+ Kg6 62. f4 Bf2 63. Kg4 Rxd5 64. Re7 Rd3 65. Re6+ Kf7 66. Rh6 Rg3+ 67. Kf5 h3 68. Rh7+ Kg8 69. Rh5 Bg1 70. e5 dxe5 71. fxe5 h2 72. e6 Rf3+ 73. Kg6 Re3 74. Kf6 Rf3+ 75. Kg6 Rg3+ 76. Kf6 Bd4+ 77. Kf5 Rf3+ 78. Kg4 Re3 79. Rxh2 Rxe6 80. Kf5 Rf6+ 81. Kg5 Kf7 82. Ra2 Rf1 83. Ra7+ Ke6 84. Ra6+ Ke5 85. Ra8 Ke4 86. Rf8 Rxf8 0-1


[Site "https://www.chess.com"]

[Event "Titled Tuesday Blitz February 21 Late 2023"]
[White "Makarian, Rudik"]
[Black "Livaic, Leon"]
[WhiteFideId "44105681"]
[BlackFideId "14531534"]
[WhiteElo "2545"]
[BlackElo "2579"]
[Result "1-0"]
[Round "07"]
[TimeControl "180+2"]
[Date "2023.02.21"]
[WhiteClock "0:00:15"]
[BlackClock "0:00:03"]

1. d4 f5 2. g3 Nf6 3. Bg2 e6 4. Nf3 Be7 5. O-O d5 6. b3 Ne4 7. c4 h5 8. Nbd2 Nc6 9. h4 g5 10. Nxe4 dxe4 11. Nxg5 Qxd4 12. Be3 Qxd1 13. Raxd1 e5 14. f3 exf3 15. Bxf3 e4 16. Bg2 Ne5 17. Bh3 Ng4 18. Bxg4 hxg4 19. Kg2 Bxg5 20. Bxg5 Be6 21. Kf2 a5 22. Rd4 a4 23. b4 b5 24. Rfd1 bxc4 25. a3 Kf7 26. Ke3 c5 27. bxc5 Rac8 28. Rb1 Rb8 29. Rb6 c3 30. Rxa4 Rxb6 31. cxb6 Rb8 32. Rb4 Bd5 33. Kd4 Ke6 34. Kxc3 Ra8 35. a4 Bb7 36. Kd4 Rd8+ 37. Ke3 Ra8 38. h5 Rg8 39. Bf4 Rc8 40. h6 Rc3+ 41. Kd4 Rb3 42. Rxb3 1-0


[Site "https://www.chess.com"]